Map: Chantier naval orbital

Players

BLACKki - Winner!

  • Race: Terran Terran
  • League: Diamond

Kamenashi

  • Race: Terran Terran
  • League: Diamond

VOD

Have the link to the VOD?

Description

Time

  • Played on: April 13, 2016, 2:29 p.m.
  • Length: 19:06
Show
View Real Time Build Order
Export as new Build Order

BLACKki Terran - Winner!

Build Orders: Command Center First (CC), Bio Tank 

Get SALT Encoding   

  12  0:01  SCV  
  13  0:13  SCV  
  14  0:22  Supply Depot  
  14  0:25  SCV  
  15  0:44  SCV  
  16  0:56  SCV  
  17  1:03  Command Center  
  17  1:08  SCV  
  18  1:14  Barracks  
  18  1:20  SCV  
  19  1:30  Barracks  
  19  1:32  SCV  
  20  1:47  Refinery  
  20  1:48  SCV  
  20  1:49  Refinery  
  21  2:04  Orbital Command  
  21  2:09  Marine  
  22  2:17  Orbital Command  
  22  2:22  Marine  
  23  2:34  Marine  
  23  2:36  Factory  
  24  2:40  SCV  
  25  2:50  Marine, SCV  
  27  2:52  Marine  
  28  3:00  Supply Depot  
  28  3:01  SCV  
  29  3:08  Marine  
  29  3:10  Marine, SCV  
  32  3:13  SCV  
  33  3:21  Starport  
  33  3:23  Factory Tech Lab  
  33  3:28  Marine, SCV  
  33  3:30  Marine  
  33  3:32  SCV  
  37  3:38  Engineering Bay  
  37  3:46  Siege Tank  
  40  3:51  Supply Depot  
  40  3:56  SCV  
  40  3:58  Marine  
  40  3:59  Marine  
  43  4:08  Viking  
  45  4:11  SCV  
  45  4:13  SCV  
  47  4:19  Missile Turret  
  47  4:23  SCV  
  48  4:27  Barracks Tech Lab, Barracks Reactor  
  48  4:28  SCV  
  49  4:35  SCV  
  49  4:37  Siege Tank  
  53  4:42  Starport Reactor  
  53  4:47  Barracks  
  53  4:49  Stimpack  
  53  4:53  SCV  
  52  5:10  Marine x2  
  54  5:27  Command Center  
  54  5:33  Marine x3, Siege Tank  
  54  5:34  SCV  
  54  5:35  Supply Depot  
  61  5:36  Supply Depot x2  
  61  5:38  SCV  
  61  5:40  Engineering Bay  
  62  5:53  Barracks  
  62  5:54  Barracks  
  62  5:57  SCV x2  
  64  6:00  Starport Reactor  
  64  6:09  SCV  
  65  6:11  Marine x2, SCV  
  65  6:12  Marine  
  65  6:13  Terran Infantry Weapons Level 1  
  65  6:14  Terran Infantry Armor Level 1  
  65  6:16  Refinery  
  65  6:18  Refinery  
  69  6:23  Supply Depot  
  69  6:24  SCV  
  69  6:25  SCV  
  71  6:26  Marine  
  71  6:29  Marine  
  73  6:35  Siege Tank  
  73  6:36  SCV  
  77  6:40  Orbital Command  
  77  6:48  SCV x2  
  77  6:51  Marine  
  77  6:52  Marine  
  81  6:57  Barracks Reactor x2  
  81  7:00  SCV  
  82  7:03  Combat Shields  
  82  7:05  Factory  
  82  7:07  SCV  
  83  7:11  Refinery x2, SCV  
  83  7:12  SCV  
  79  7:31  Marine  
  79  7:32  Marine x3  
  79  7:33  Marine x4  
  79  7:34  SCV x2  
  86  7:37  SCV  
  86  7:44  Medivac x2  
  89  7:46  SCV  
  89  7:47  Supply Depot  
  89  7:49  Marine x2  
  89  7:50  SCV x2  
  96  7:58  SCV  
  97  8:02  Armory, SCV  
  97  8:03  SCV  
  99  8:09  Supply Depot  
  99  8:10  SCV  
  100  8:14  SCV  
  100  8:15  SCV  
  102  8:22  SCV  
  102  8:23  Missile Turret  
  102  8:24  Missile Turret  
  102  8:26  Marine x2, SCV  
  106  8:27  Marine  
  106  8:28  Medivac  
  106  8:29  Medivac  
  106  8:30  Siege Tank  
  106  8:32  Missile Turret  
  114  8:36  SCV  
  114  8:39  Barracks Reactor, SCV x2  
  117  8:41  Marine x3  
  120  8:48  SCV  
  120  8:50  Marine x2  
  120  8:55  Marine x2  
  125  9:00  Missile Turret  
  125  9:03  Terran Infantry Armor Level 2  
  125  9:07  Medivac, Siege Tank x2  
  125  9:08  Supply Depot  
  133  9:10  Supply Depot  
  133  9:17  Supply Depot  
  133  9:19  Supply Depot  
  133  9:22  Supply Depot  
  133  9:30  Medivac, Marine x4, SCV x2  
  133  9:31  Marine  
  141  9:32  Marine x2  
  141  9:36  SCV  
  141  9:37  Marine  
  136  9:41  Command Center  
  136  9:42  SCV  
  136  9:45  Medivac  
  139  9:51  Supply Depot  
  139  9:54  Marine x2  
  141  10:00  Medivac  
  141  10:14  Marine  
  141  10:15  Medivac  
  141  10:17  Marine x2, Missile Turret  
  141  10:19  Missile Turret  
  146  10:22  Marine x2, Missile Turret  
  146  10:26  SCV  
  149  10:30  Viking  
  151  10:41  Marine x2  
  151  10:42  Marine x3, Siege Tank  
  159  10:44  Siege Tank  
  159  10:45  Viking, Marine  
  159  10:46  Marine x4  
  168  10:59  Marine x5  
  168  11:00  Medivac  
  168  11:03  Marine x2  
  168  11:04  Marine  
  178  11:05  Marine x2  
  180  11:12  SCV  
  180  11:14  Siege Tank  
  180  11:15  Medivac  
  180  11:16  Siege Tank  
  180  11:17  Marine x5  
  194  11:21  Marine x3  
  194  11:23  Marine x2  
  198  11:33  Armory  
  198  11:34  Engineering Bay  
  198  11:35  Marine x2  
  198  11:38  Marine  
  198  11:39  Planetary Fortress  
  200  11:51  Refinery  
  200  11:52  Missile Turret  
  200  11:53  Missile Turret  
  200  11:54  Missile Turret  
  200  11:57  Refinery  
  197  13:03  Marine x3  
  200  13:25  Terran Infantry Weapons Level 2  
  177  13:46  Marine  
  162  14:00  Marine  
  157  14:03  Marine  
  142  14:18  Marine  
  142  14:21  Marine  
  142  14:38  Command Center  
  142  14:44  Starport  
  140  14:46  Starport  
  140  14:48  Command Center  
  140  15:18  Supply Depot  
  140  15:19  Supply Depot x3  
  140  15:20  Supply Depot  
  140  15:23  Supply Depot  
  140  15:26  Starport  
  140  15:40  Marine x2  
  140  15:41  Supply Depot  
  142  15:45  Supply Depot  
  140  15:58  Marine  
  140  16:00  Starport Tech Lab x2  
  141  16:07  Planetary Fortress  
  137  16:36  Orbital Command  
  104  16:43  Banshee x2  
  107  16:51  Planetary Fortress  
  107  16:52  Marine  
  107  16:53  Marine  
  109  16:55  Starport Tech Lab  
  109  16:56  Factory Tech Lab, Cloaking Field  
  107  17:26  Banshee x2  
  113  17:47  Hellion  
  113  18:09  Banshee  
Show
View Real Time Build Order
Export as new Build Order

Kamenashi Terran 

Build Orders: 1/1/1, Bio Tank 

Get SALT Encoding   

  12  0:01  SCV  
  13  0:13  SCV  
  14  0:17  Supply Depot  
  14  0:25  SCV  
  14  0:28  Refinery  
  15  0:39  SCV  
  16  0:46  Barracks  
  16  0:51  SCV  
  17  0:57  Refinery  
  17  1:03  SCV  
  18  1:15  SCV  
  19  1:32  Orbital Command  
  19  1:35  Factory  
  20  1:40  Reaper  
  20  2:01  Supply Depot  
  20  2:11  SCV  
  20  2:12  Reaper  
  22  2:23  Hellion  
  22  2:24  Starport  
  22  2:26  SCV  
  25  2:38  SCV  
  26  2:44  Hellion  
  26  2:49  Reaper  
  26  2:50  SCV  
  31  3:05  Supply Depot  
  31  3:09  Supply Depot  
  30  3:21  Reaper  
  31  3:27  Medivac, Hellion  
  31  3:32  Command Center  
  36  3:34  SCV  
  36  3:38  Engineering Bay  
  36  3:47  SCV  
  37  3:49  Factory Tech Lab  
  37  3:59  SCV  
  37  4:00  Barracks Reactor  
  37  4:01  Viking  
  40  4:04  Supply Depot  
  40  4:11  SCV  
  41  4:17  Siege Tank  
  41  4:23  SCV  
  41  4:24  Supply Depot  
  45  4:35  SCV  
  46  4:38  Marine  
  46  4:39  Marine  
  46  4:41  Barracks  
  46  4:42  Barracks  
  48  4:47  Orbital Command  
  42  5:10  Marine x2  
  42  5:11  Siege Tank  
  42  5:12  Viking  
  42  5:13  SCV  
  50  5:19  SCV  
  50  5:20  Terran Infantry Weapons Level 1  
  51  5:30  Marine x2  
  51  5:32  Barracks Tech Lab  
  51  5:35  SCV x2  
  53  5:46  Barracks Reactor  
  53  5:47  SCV  
  53  5:49  SCV  
  55  5:58  Refinery  
  55  5:59  SCV  
  55  6:00  Refinery  
  55  6:01  SCV  
  55  6:04  Command Center  
  57  6:11  SCV  
  57  6:12  Marine x2  
  57  6:13  SCV  
  57  6:16  Stimpack  
  60  6:23  Marine x3, SCV  
  60  6:25  SCV  
  65  6:27  Starport Reactor  
  65  6:35  Supply Depot, SCV, Barracks x2  
  65  6:37  Supply Depot, SCV  
  67  6:43  Marine x4  
  67  6:44  Marine  
  72  6:47  SCV  
  72  6:49  SCV  
  74  6:55  Siege Tank  
  74  6:59  SCV  
  74  7:00  Supply Depot  
  74  7:01  Marine x2, SCV  
  81  7:10  Marine x2  
  81  7:11  Marine, SCV  
  81  7:13  SCV  
  86  7:30  Marine x2  
  86  7:31  Marine x2, Barracks Reactor  
  86  7:32  Barracks Reactor  
  86  7:35  Orbital Command  
  87  7:41  Terran Infantry Armor Level 1, SCV  
  87  7:42  Medivac x2, SCV  
  87  7:43  Marine  
  94  7:48  Marine x2, Siege Tank  
  94  7:49  Supply Depot  
  94  7:50  Supply Depot  
  99  7:54  SCV  
  99  7:57  SCV  
  101  7:59  Marine x2  
  101  8:02  Missile Turret  
  101  8:03  Missile Turret  
  101  8:04  Missile Turret  
  103  8:06  Orbital Command  
  103  8:07  Marine  
  103  8:08  Marine x3  
  107  8:14  Missile Turret  
  107  8:16  Medivac x2  
  107  8:18  Marine  
  112  8:27  Marine  
  112  8:29  Marine  
  114  8:38  Refinery  
  114  8:40  Refinery, Missile Turret  
  114  8:44  Marine x4  
  114  8:45  Marine x2  
  114  8:46  Siege Tank  
  114  8:47  SCV  
  124  8:52  Armory, Engineering Bay  
  124  8:54  SCV x2  
  126  8:57  Combat Shields  
  126  8:59  SCV  
  127  9:06  SCV  
  127  9:07  SCV  
  129  9:11  Marine x4  
  133  9:23  Medivac x2, Marine x4, Supply Depot  
  141  9:40  Supply Depot, Missile Turret  
  141  9:41  Terran Infantry Weapons Level 2, Supply Depot, Terran Infantry Armor Level 2  
  141  9:44  Marine x5, Siege Tank  
  149  9:49  Terran Vehicle Weapons Level 1  
  149  10:01  Marine x4  
  149  10:02  Marine x2  
  150  10:11  Marine x3  
  150  10:12  Medivac x2  
  154  10:16  Siege Tank  
  154  10:19  Marine  
  158  10:24  Marine x3  
  161  10:29  Factory  
  161  10:30  Supply Depot  
  161  10:31  Supply Depot  
  161  10:32  Command Center  
  161  10:37  Marine x4  
  165  10:51  Siege Tank  
  165  10:54  Marine x2  
  165  10:55  Sensor Tower  
  165  10:56  Marine x4  
  164  10:57  Medivac x2  
  164  11:00  Marine x2  
  168  11:11  Marine  
  169  11:12  Marine x2  
  169  11:14  Marine, Barracks  
  169  11:16  Factory Tech Lab  
  172  11:19  Barracks  
  172  11:26  Supply Depot  
  172  11:27  Marine x4  
  176  11:39  Marine  
  176  11:40  Marine x2  
  179  11:47  Marine x2  
  179  11:48  Marine x2  
  183  11:54  Siege Tank  
  183  11:55  Siege Tank  
  189  12:04  Marine x5  
  189  12:05  Medivac x2, Missile Turret  
  199  12:11  Sensor Tower  
  199  12:15  Barracks Reactor  
  199  12:16  Barracks Reactor  
  199  12:18  Planetary Fortress  
  198  12:31  Marine x2  
  200  12:51  Command Center x3  
  169  13:32  Supply Depot x2  
  169  13:33  Supply Depot  
  167  14:23  Factory Tech Lab, Starport  
  154  14:32  Supply Depot x2  
  145  14:49  Supply Depot  
  145  14:53  Supply Depot  
  140  15:18  Armory  
  137  15:23  Supply Depot x2  
  136  15:47  Supply Depot  
Tags
 
Add a new tag
Caveats
  • Supply blocks, unpowered buildings, or Contaminate may cause inaccurate times.
  • Supply counts are checked every 10 seconds.